Map: Kairos Junction LE

Players

yeivier

  • Race: Terran Terran
  • League: Gold
  • Spawn Location: 11:00

pHARM - Winner!

  • Race: Zerg Zerg
  • League: Platinum
  • Spawn Location: 5:00

VOD

Have the link to the VOD?

Description

Time

  • Played on: Aug. 4, 2019, 2:15 p.m.
  • Length: 16:08
Show
View Real Time Build Order
Export as new Build Order

yeivier Terran 

Build Orders: Gas First Reaper Expand 

Get SALT Encoding   

  12  0:02  SCV  
  13  0:17  SCV, Supply Depot  
  14  0:25  Refinery  
  14  0:39  Barracks  
  14  0:41  SCV  
  15  0:53  SCV  
  16  1:05  SCV  
  17  1:17  SCV  
  18  1:26  Reaper  
  18  1:31  Orbital Command  
  19  1:47  Command Center  
  19  1:57  Factory  
  19  2:01  SCV  
  20  2:04  Barracks Reactor  
  20  2:13  SCV  
  21  2:28  SCV  
  22  2:40  SCV  
  22  2:41  Factory Tech Lab  
  23  2:58  Marine x2  
  23  2:59  Orbital Command  
  23  3:01  Siege Tank  
  23  3:02  Supply Depot  
  23  3:05  Supply Depot  
  28  3:12  Refinery  
  28  3:27  SCV  
  28  3:28  SCV  
  28  3:32  Supply Depot  
  30  3:34  Marine x2  
  30  3:40  SCV  
  33  3:42  Supply Depot  
  33  3:45  SCV  
  34  3:50  Siege Tank  
  34  3:52  SCV  
  34  3:55  Barracks  
  38  3:57  SCV  
  38  3:59  Barracks  
  39  4:07  SCV  
  39  4:08  Marine x2  
  39  4:09  SCV  
  43  4:12  Supply Depot  
  43  4:19  Refinery, SCV  
  43  4:21  SCV  
  45  4:26  Marine x2  
  47  4:31  SCV, Starport  
  47  4:36  SCV  
  47  4:37  Siege Tank  
  52  4:43  Engineering Bay, SCV  
  52  4:44  Marine x2  
  55  4:50  SCV  
  55  4:51  Refinery  
  56  4:55  Barracks Tech Lab  
  56  4:56  SCV  
  58  5:02  SCV  
  58  5:04  Barracks Reactor  
  58  5:09  Starport Reactor, Barracks  
  58  5:22  Marine x2  
  58  5:24  Terran Infantry Weapons Level 1  
  60  5:39  Stimpack  
  60  5:40  SCV x2  
  62  5:52  SCV  
  63  5:57  Barracks Tech Lab  
  63  6:00  Medivac x2  
  63  6:03  Barracks  
  67  6:04  Barracks Tech Lab  
  67  6:05  Marauder  
  67  6:06  Marine x2  
  67  6:10  SCV x2  
  73  6:18  Combat Shield  
  73  6:21  Marauder  
  73  6:22  SCV x2  
  73  6:24  Concussive Shells, Marine  
  78  6:31  Supply Depot  
  78  6:35  Supply Depot  
  78  6:52  Marine  
  78  6:53  Marauder x3  
  78  6:54  Marine  
  86  6:57  Marine  
  86  7:00  Siege Tank  
  90  7:10  Marine  
  90  7:11  Marine  
  90  7:14  Command Center, Marauder  
  94  7:28  Supply Depot  
  94  7:29  Supply Depot  
  94  7:31  Barracks Tech Lab, Supply Depot  
  94  7:49  Marine x2  
  94  7:50  Marauder x3  
  93  7:58  Marauder  
  93  8:01  Siege Tank  
  96  8:09  Liberator x2  
  96  8:10  Marine  
  96  8:11  Marine, Marauder x3  
  106  8:20  Marauder  
  106  8:21  SCV  
  106  8:22  SCV  
  114  8:28  Orbital Command  
  114  8:33  SCV, Marauder x3  
  114  8:34  SCV  
  122  8:36  Terran Infantry Armor Level 1  
  122  8:40  Siege Tank  
  122  8:41  Marauder  
  127  8:44  Marine  
  128  8:54  Marauder x2  
  132  9:06  Supply Depot  
  132  9:07  Supply Depot  
  132  9:09  Supply Depot  
  132  9:28  Marauder x4  
  132  9:31  Orbital Command  
  130  9:49  Marauder x3  
  136  9:58  Marauder  
  138  10:00  Siege Tank  
  141  10:10  Marauder x3  
  147  10:20  Marauder  
  149  10:32  SCV x2, Marauder x3  
  157  10:38  Refinery x2  
  157  10:52  SCV  
  157  10:58  Marauder  
  157  11:41  SCV x2  
  157  11:51  Marauder  
  157  11:52  Marine x2, Marauder x3  
  157  11:53  SCV x2  
  157  11:54  Siege Tank  
  98  12:12  Marauder  
  98  12:13  Marauder x3  
  90  12:16  Viking  
  90  12:17  Command Center  
  88  12:26  Siege Tank  
  91  12:33  Marauder  
  91  12:34  Marauder x2  
  91  12:35  Marauder  
  99  12:42  Marine x2  
  82  12:55  Marauder  
  82  12:56  Marauder x3  
  82  12:58  Siege Tank  
  88  13:00  Marine x2  
  88  13:02  Barracks  
  88  13:03  Barracks x2  
  90  13:06  Viking  
  90  13:07  Barracks  
  92  13:16  Marauder  
  92  13:17  Marine x2, Marauder  
  92  13:18  Factory, Marine, Marauder  
  101  13:20  Factory  
  101  13:23  Armory  
  101  13:30  Siege Tank  
  101  13:34  Orbital Command  
  104  13:35  Marine, Marauder  
  104  13:36  Marine  
  104  13:37  Marauder  
  104  13:38  Marauder  
  104  13:39  Marauder  
  114  13:53  Marine x2  
  116  13:56  Marauder  
  116  13:58  Barracks Tech Lab  
  116  13:59  Marine, Marauder  
  116  14:00  Marine  
  122  14:03  Orbital Command, Barracks Tech Lab x2  
  122  14:06  Barracks Tech Lab  
  122  14:17  Marine x2  
  122  14:18  Marine  
  122  14:19  Factory Tech Lab  
  122  14:20  Marine  
  126  14:27  Factory Tech Lab  
  126  14:35  Marauder  
  126  14:36  Marauder x2  
  126  14:38  Marauder  
  134  14:41  Siege Tank x2  
  142  14:53  Marauder x4  
  142  14:57  Marauder x3  
  142  14:59  Marauder  
  96  15:14  Marauder x3  
  96  15:15  Marauder  
  96  15:18  Marauder x2  
  96  15:19  Marauder  
  96  15:21  Marauder  
  96  15:36  Marauder  
Show
View Real Time Build Order
Export as new Build Order

pHARM Zerg - Winner!

Build Orders: Hatch First, Brood Lord Corruptor, Roach Hydra 

Get SALT Encoding   

  12  0:01  Drone  
  13  0:13  Overlord  
  13  0:20  Drone  
  14  0:32  Drone x2  
  16  0:49  Hatchery  
  16  0:57  Drone x2  
  17  1:11  Spawning Pool  
  17  1:14  Drone  
  17  1:16  Drone  
  18  1:20  Drone  
  19  1:30  Drone  
  20  1:36  Extractor  
  19  1:44  Overlord  
  19  1:53  Drone  
  20  1:59  Queen  
  22  2:02  Zergling x4  
  22  2:03  Queen  
  26  2:28  Drone  
  26  2:29  Drone x3  
  29  2:46  Lair  
  29  2:47  Queen  
  29  2:51  Drone x4  
  32  2:54  Overlord  
  35  3:17  Evolution Chamber  
  34  3:28  Roach Warren  
  34  3:30  Overlord, Drone  
  34  3:31  Drone x6  
  40  4:03  Drone x6  
  40  4:04  Evolution Chamber, Drone  
  40  4:05  Zerg Missile Weapons Level 1  
  46  4:12  Drone  
  46  4:13  Drone  
  48  4:23  Glial Reconstitution  
  48  4:26  Extractor  
  48  4:27  Extractor  
  46  4:35  Drone x3  
  49  4:55  Roach  
  49  4:56  Overlord x2  
  49  4:59  Zerg Ground Armor Level 1  
  51  5:17  Roach x7  
  51  5:18  Roach  
  67  5:34  Hatchery  
  66  5:36  Overlord x3  
  66  5:37  Hydralisk Den  
  65  5:45  Roach  
  67  5:56  Roach x6  
  79  5:58  Overlord  
  79  6:10  Grooved Spines  
  79  6:15  Roach  
  79  6:16  Roach x2  
  85  6:18  Drone  
  85  6:24  Roach x3  
  85  6:25  Overlord x2  
  92  6:31  Overseer  
  92  6:37  Spore Crawler  
  92  6:39  Drone x2, Spore Crawler  
  92  6:43  Spore Crawler  
  92  6:46  Spore Crawler  
  90  6:48  Drone x2  
  90  6:49  Drone, Extractor  
  92  7:08  Baneling Nest  
  91  7:18  Hydralisk x7  
  102  8:05  Drone x13  
  115  8:14  Muscular Augments  
  115  8:16  Zerg Ground Armor Level 2, Zerg Missile Weapons Level 2  
  115  8:34  Hydralisk  
  115  8:35  Hydralisk x2  
  115  8:36  Hatchery  
  115  8:37  Overlord  
  115  8:38  Overlord x4  
  120  8:46  Drone  
  121  8:48  Overlord x3  
  121  9:03  Infestation Pit  
  120  9:45  Spine Crawler  
  119  9:46  Spine Crawler  
  119  9:48  Hive  
  118  9:54  Spire  
  118  9:55  Spine Crawler x2  
  118  9:56  Drone x3  
  118  10:00  Drone  
  118  10:01  Drone  
  120  10:09  Extractor  
  120  10:10  Extractor  
  118  10:16  Spore Crawler x2  
  118  10:20  Spine Crawler x2  
  114  10:23  Spine Crawler  
  113  10:40  Drone x6  
  113  10:41  Drone x8  
  113  10:42  Drone x6  
  131  11:00  Roach  
  131  11:01  Roach x4  
  132  11:05  Zerg Ground Armor Level 3, Zerg Missile Weapons Level 3  
  132  11:26  Hydralisk  
  132  11:27  Hydralisk x10  
  132  11:30  Hatchery  
  153  11:35  Greater Spire  
  145  12:05  Roach x11  
  115  12:37  Drone x3  
  115  12:38  Drone x8  
  115  12:39  Drone x2  
  102  13:06  Extractor  
  102  13:08  Extractor  
  102  13:10  Spine Crawler  
  99  13:22  Spore Crawler, Spine Crawler  
  99  13:26  Spine Crawler  
  96  13:27  Spine Crawler  
  95  13:43  Corruptor x10  
  117  13:48  Roach  
  117  13:49  Roach x13  
  143  14:22  Brood Lord x10  
  143  14:23  Corruptor  
  165  14:28  Hydralisk x3  
  171  14:31  Hatchery  
  170  14:39  Hydralisk x4  
  170  14:40  Hydralisk  
  170  14:43  Hydralisk  
  170  14:44  Hydralisk  
Tags
 
Add a new tag
Caveats
  • Supply blocks, unpowered buildings, or Contaminate may cause inaccurate times.
  • Supply counts are checked every 10 seconds.